 Dungeon Crawl Stone Soup version 0.29-a0-993-g4a18f31a58 (webtiles) character file.

Game seed: 12046382498446503284

4 kae the Trooper (level 1, -1/18 HPs)
             Began as a Demonspawn Monk on Aug 2, 2022.
             Slain by a hobgoblin (4 damage)
             ... on level 1 of the Dungeon.
             The game lasted 00:00:09 (389 turns).

kae the Trooper (Demonspawn Monk)                    Turns: 389, Time: 00:00:09

Health: -1/18      AC:  2    Str: 11    XL:     1   Next: 58%
Magic:  1/1        EV: 12    Int: 11    God:
Gold:   28         SH:  0    Dex: 15    Spells: 0/0 levels left

rFire   . . .      SeeInvis .     - Unarmed
rCold   . . .      Faith    .   (no shield)
rNeg    . . .      Spirit   .   a - +0 robe
rPois   .          Reflect  .   (no helmet)
rElec   .          Harm     .   (no cloak)
rCorr   .          Rampage  .   (no gloves)
Will    .....                   (no boots)
Stlth   ++........              (no amulet)
HPRegen 0.06/turn               (no ring)
MPRegen 0.07/turn               (no ring)

@: no status effects
A: no striking features
a: no special abilities


You were on level 1 of the Dungeon.
You visited 1 branch of the dungeon, and saw 1 of its levels.

You collected 28 gold pieces.


   Skills:
 - Level 3.0 Fighting
 - Level 2.6 Dodging
 - Level 1.7 Stealth
 + Level 3.0 Unarmed Combat


You couldn't memorise any spells.
You didn't know any spells.
Your spell library was empty.

Inventory:

Armour
 a - a +0 robe (worn)
Scrolls
 c - a scroll of summoning {unknown}
Potions
 b - a potion of ambrosia

Dungeon Overview and Level Annotations

Branches:
Dungeon (1/15) Zot: 5611

Altars:

..........#.....#.#
#.........##.#..#.#
#.........##.#..#.#
#.........##.#..#.#
#........ #.#..#.#
#.....w# #.#....#
#......# #.#....#
##......#####.###..#
.........wg@.....#.>#
###......#####.#.####
...###### ###.#.#
.... #...#.#
###############.#.#
#...............#.#
#.###############.#
#.###############.#
#.................#


You could see a dart slug and a hobgoblin.


Message History

No target in view!
You now have 23 gold pieces (gained 4).
There is a stone staircase leading down here.
c - a scroll labelled HOEMIH DEUMU No target in view!
No target in view!
You open the door. You open the door.
There is an open door here.
You see here a +0 pair of boots.
A rat comes into view.
A rat is nearby!
A rat is nearby!
A rat is nearby!
A rat is nearby!
The helpless rat fails to defend itself.
You hit the rat.
You kill the rat!
No target in view!
You see here a rat corpse.
Found a stone staircase leading down.
No target in view!
No target in view!
You now have 28 gold pieces (gained 5).
Key pressed, stopping explore.
No target in view!
No target in view!
You open the door.
A hobgoblin comes into view.
There is an open door here.
A goblin comes into view. It is wielding a +0 club.
The hobgoblin shouts!
A bat comes into view.
There are monsters nearby!
The hobgoblin hits you but does no damage.
You closely miss the hobgoblin.
The hobgoblin hits you but does no damage.
There are monsters nearby!
You hit the hobgoblin but do no damage. The hobgoblin hits you.
A dart slug comes into view.
You hit the hobgoblin. The hobgoblin barely misses you.
There are monsters nearby! 😕 HP[-1]
You take 1 damage, and now have 17/18 hp.
There are monsters nearby!
You barely miss the hobgoblin. The hobgoblin closely misses you.
You closely miss the hobgoblin. The bat misses you.
The goblin barely misses you. The bat misses you. The hobgoblin hits you.
There are monsters nearby!
You hit the hobgoblin. The bat misses you. The goblin hits you with a +0 club.
The hobgoblin barely misses you.
You hit the hobgoblin but do no damage. The bat closely misses you.
The goblin hits you with a +0 club. The hobgoblin misses you. 😕 HP[-3]
You take 3 damage, and now have 14/18 hp.
Unknown command.
The bat hits you but does no damage. The goblin attacks as you move away!
The goblin hits you but does no damage. The bat completely misses you.
The bat attacks as you move away! The bat hits you. The bat misses you.
The goblin closely misses you.
There is an open door here. 😮 HP[-1]
You take 1 damage, and now have 13/18 hp.
The bat attacks as you move away! The bat misses you.
The bat closely misses you. The bat hits you but does no damage.
You hit the bat.
You kill the bat!
You barely miss the goblin. The goblin hits you with a +0 club.
You hit the goblin. The goblin hits you with a +0 club.
* * * LOW HITPOINT WARNING * * *
😨 HP[-5]
You take 5 damage, and now have 8/18 hp.
MASSIVE DAMAGE!! (PAUSE)
You barely miss the goblin. The goblin hits you but does no damage.
You closely miss the goblin. The goblin closely misses you.
You completely miss the goblin. The goblin closely misses you.
You barely miss the goblin. The goblin hits you with a +0 club.
* * * LOW HITPOINT WARNING * * *
😨 HP[-1]
You take 1 damage, and now have 7/18 hp.
You closely miss the goblin. The goblin hits you with a +0 club.
* * * LOW HITPOINT WARNING * * *
😨 HP[-2]
You take 2 damage, and now have 5/18 hp.
You hit the goblin. You barely miss the goblin.
The goblin hits you with a +0 club.
* * * LOW HITPOINT WARNING * * *
😱 HP[-1]
You take 1 damage, and now have 4/18 hp.
You barely miss the goblin. The goblin hits you with a +0 club.
* * * LOW HITPOINT WARNING * * *
😱 HP[-1]
You take 1 damage, and now have 3/18 hp.
You hit the goblin.
You kill the goblin!
Your Unarmed Combat skill increases to level 3!
You hit the hobgoblin but do no damage. The hobgoblin completely misses you.
You closely miss the hobgoblin. The hobgoblin hits you.
You die...

Skill      XL: |  1 |
---------------+----+-----
Unarmed Combat | 3 |  3.0
Fighting       | |  3.0
Dodging        | |  2.6
Stealth        | |  1.7

Action                   || total
-------------------------++-------
Melee: Unarmed           ||    25
 Stab: Sleeping          ||     1
Armor: Robe              ||     6
Dodge: Dodged            ||    18

Levels and vault maps discovered:
D:1:      dpeg_arrival_erosion, layout_basic

Notes
Turn   | Place    | Note
-------+----------+-------------------------------------------
     0 | D:1      | kae the Demonspawn Monk began the quest for the Orb.
     0 | D:1      | Reached XP level 1. HP: 18/18 MP: 1/1
     0 | D:1      | magus.rc [v1.11.3]
   385 | D:1      | HP: 4/18 [goblin/+0 club (1)]
   388 | D:1      | Reached skill level 3 in Unarmed Combat
   389 | D:1      | Slain by a hobgoblin

Vanquished Creatures
  A ball python (D:1)
  A goblin (D:1)
  A bat (D:1)
  A frilled lizard (D:1)
  A rat (D:1)
5 creatures vanquished.

Table legend:
 A = Non-vault XP
 B = Vault XP
 C = Vault XP percentage of total XP
 D = Non-vault monster count
 E = Vault monster count
 F = Vault count percentage of total count
                 A         B        C        D         E       F
            +---------+---------+-------+---------+---------+-------
      Total |       7 |       0 |   0.0 |       5 |       0 |   0.0
            +---------+---------+-------+---------+---------+-------
        D:1 |       7 |       0 |   0.0 |       5 |       0 |   0.0
            +---------+---------+-------+---------+---------+-------

Illustrated notes

Table legend:
 A = Kills in this place as a percentage of kills in entire the game.
 B = Kills by you in this place as a percentage of kills by you in the entire game.
 C = Kills by friends in this place as a percentage of kills by friends in the entire game.
 D = Other kills in this place as a percentage of other kills in the entire game.
 E = Experience gained in this place as a percentage of experience gained in the entire game.
 F = Experience gained in this place divided by the number of levels of this place that you have seen.
                   A       B       C       D       E      F
               +-------+-------+-------+-------+-------+----------------------
         Total | 100.0 | 100.0 |   N/A |   N/A | 100.0 |   7.0
       Dungeon | 100.0 | 100.0 |   N/A |   N/A | 100.0 |   7.0
               +-------+-------+-------+-------+-------+----------------------

Table legend: (Time is in decaauts)
 A = Elapsed time spent in this place.
 B = Non-inter-level travel time spent in this place.
 C = Inter-level travel time spent in this place.
 D = Time resting spent in this place.
 E = Time spent auto-exploring this place.
 F = Levels seen in this place.
 G = Mean time per level.
                   A        B        C        D        E       F      G
               +--------+--------+--------+--------+--------+-----+--------+
         Total |    387 |    387 |      0 |      0 |    339 |   1 |  387.0 |
       Dungeon |    387 |    387 |      0 |      0 |    339 |   1 |  387.0 |
               +--------+--------+--------+--------+--------+-----+--------+

Top non-repeatable levels by time:
     D:1: 387 daAuts
